 Dungeon Crawl Stone Soup version 0.25-a0-737-g26c3a87c45 (webtiles) character file.

Game seed: 14900560101373681761, levelgen mode: deterministic

252 Hasart the Chiller (level 5, 0/28 HPs)
             Began as a Deep Elf Ice Elementalist on Apr 13, 2020.
             Was an Initiate of Vehumet.
             Slain by a hippogriff (3 damage)
             ... on level 5 of the Dungeon.
             The game lasted 00:08:29 (3774 turns).

Hasart the Chiller (Deep Elf Ice Elementalist)      Turns: 3774, Time: 00:08:30

Health: 0/28       AC:  2    Str:  5    XL:     5   Next: 89%
Magic:  4/14       EV: 14    Int: 21    God:    Vehumet [......]
Gold:   195        SH:  0    Dex: 15    Spells: 5/13 levels left

rFire    . . .     SeeInvis +   p - +0 rapier
rCold    . . .     Gourm    .   (no shield)
rNeg     . . .     Faith    .   a - +0 robe
rPois    .         Spirit   .   (no helmet)
rElec    .         Reflect  .   (no cloak)
rCorr    .         Harm     .   (no gloves)
MR       .....                  (no boots)
Stlth    +.........             (no amulet)
HPRegen  0.09/turn              f - ring of attention (curse)
MPRegen  0.14/turn              r - ring of see invisible

@: very slightly contaminated
A: no striking features
a: Renounce Religion


You were on level 5 of the Dungeon.
You worshipped Vehumet.
Vehumet was noncommittal.
You were near starving.

You visited 1 branch of the dungeon, and saw 5 of its levels.

You collected 195 gold pieces.

Inventory:

Hand Weapons
 p - a +0 rapier (weapon)
Armour
 a - a +0 robe (worn)
Jewellery
 f - a cursed ring of attention (left hand)
 r - a ring of see invisible (right hand)
Wands
 n - a wand of enslavement (3)
Scrolls
 e - 6 scrolls of remove curse {unknown}
 g - 4 scrolls of amnesia {unknown}
 h - a scroll of magic mapping {unknown}
 i - 2 scrolls of identify {unknown}
 k - a scroll of blinking {unknown}
 m - 2 scrolls of enchant armour {unknown}
 q - a scroll of enchant weapon {unknown}
Potions
 d - 2 potions of curing {unknown}
 j - 3 potions of stabbing {unknown}
 l - 2 potions of heal wounds {unknown}
 o - 2 potions of degeneration {unknown}
Comestibles
 c - 8 rations


   Skills:
 + Level 4.0 Dodging
 - Level 2.4 Stealth
 + Level 4.6 Spellcasting
 + Level 1.7 Conjurations
 * Level 6.2 Ice Magic


You had 5 spell levels left.
You knew the following spells:

 Your Spells              Type           Power        Failure   Level  Hunger
a - Freeze                Ice            ####         1%          1    None
b - Frozen Ramparts       Ice            ####..       2%          3    ##.....
c - Hailstorm             Conj/Ice       ###.....     22%         4    ####...

Your spell library contained the following spells:

 Spells                   Type           Power        Failure   Level  Hunger
 Ozocubu's Armour         Chrm/Ice       ###.....     10%         3    ##.....
 Summon Ice Beast         Ice/Summ       ###.....     30%         4    ####...


Dungeon Overview and Level Annotations

Branches:
Dungeon (5/15)
 Temple: D:4-7

Altars:
Qazlal
Ru
Vehumet
Xom

Annotations:
D:2 Sigmund


Message History

The frozen ramparts melt away.
The hippogriff barely misses you. The hippogriff pecks you.
The hippogriff claws you.
Casting: Freeze (safe; 1% risk of failure)
Confirm with . or Enter, or press ? or * to list all spells.
Aiming: Freeze (safe; 1% risk of failure)
Press: ? - help, Shift-Dir - straight line, f/p - hippogriff
Aim: a hippogriff (severely wounded)
You freeze the hippogriff!
The hippogriff is almost dead.
The hippogriff closely misses you. x2; The hippogriff claws you!
* * * LOW HITPOINT WARNING * * *
Casting: Freeze (safe; 1% risk of failure)
Confirm with . or Enter, or press ? or * to list all spells.
Aiming: Freeze (safe; 1% risk of failure)
Press: ? - help, Shift-Dir - straight line, f/p - hippogriff
Aim: a hippogriff (almost dead)
You freeze the hippogriff!
The hippogriff is almost dead.
The hippogriff misses you. The hippogriff pecks you.
You die...

#+########
.........#
.........# ...#
.........# ...#
.........# ....#
........@# ....#
........H+ ..H..#
.........#####.....#
######..............
#.....<..#####
#........#
#........#
#........#
##########


You could see a hippogriff.

Vanquished Creatures
  A crimson imp (D:4)
  An orc wizard (D:4)
  A worker ant (D:4)
  6 adders
  3 gnolls (D:4)
  A worm (D:2)
  A dart slug (D:1)
  3 leopard geckos
  4 orcs
  7 bats
  A giant cockroach (D:3)
  9 goblins
  6 hobgoblins
  7 jackals
  4 frilled lizards
  14 kobolds
  A leopard gecko skeleton (D:4)
  5 rats
75 creatures vanquished.

Notes
Turn   | Place    | Note
-------+----------+-------------------------------------------
     0 | D:1      | Hasart the Deep Elf Ice Elementalist began the quest for
                  | the Orb.
     0 | D:1      | Reached XP level 1. HP: 10/10 MP: 6/6
   203 | D:1      | Reached XP level 2. HP: 13/15 MP: 6/8
  1137 | D:2      | Reached skill level 5 in Ice Magic
  1162 | D:2      | Reached XP level 3. HP: 19/19 MP: 8/10
  1782 | D:2      | Noticed Sigmund
  1879 | D:3      | Found a sacrificial altar of Ru.
  1879 | D:3      | Found a stormy altar of Qazlal.
  1883 | D:3      | Found a shimmering altar of Xom.
  1888 | D:3      | Reached XP level 4. HP: 24/24 MP: 6/11
  2047 | D:3      | Found a faded altar of an unknown god.
  2126 | D:3      | Found a radiant altar of Vehumet.
  2185 | D:3      | Became a worshipper of Vehumet
  2190 | D:3      | Learned a level 3 spell: Frozen Ramparts
  2195 | D:3      | Learned a level 4 spell: Hailstorm
  3051 | D:4      | Reached skill level 1 in Conjurations
  3051 | D:4      | Reached XP level 5. HP: 12/28 MP: 7/13
  3153 | D:4      | Reached skill level 6 in Ice Magic
  3758 | D:5      | Entered Level 5 of the Dungeon
  3758 | D:5      | Noticed a hippogriff
  3774 | D:5      | Slain by a hippogriff

Levels and vault maps discovered:
D:1:      heliophobic_arrival_glass_houses, layout_basic
D:2:      layout_rooms, nicolae_overflow_hidden_temple, minmay_door_square,
          uniq_sigmund
D:3:      layout_basic, vehumet_crystals,
          chequers_temple_overflow_statue_of_worship,
          chequers_ecumenical_altar_simple, portal_sewer_entry_d,
          roderic_lattice_a, hangedman_abyss_or_decor_stabs,
          nicolae_ru_awakened_eye
D:4:      layout_basic
D:5:      layout_gridville, first_ration, basic_altar, kennysheep_cross_room

Skill      XL: |  1  2  3  4  5 |
---------------+----------------+-----
Ice Magic      | 5 6 |  6.2
Dodging        | 3 4 |  4.0
Spellcasting   | 4 |  4.6
Conjurations   | 1 |  1.7
Stealth        | |  2.4

Action                   |  1- 3 |  4- 6 || total
-------------------------+-------+-------++-------
Melee: Short sword       |     3 |    12 ||    15
 Cast: Freeze            |    61 |    55 ||   116
       Frozen Ramparts   |       |     2 ||     2
 Stab: Sleeping          |       |     1 ||     1
  Eat: Chunk             |     3 |     4 ||     7
Armor: Robe              |    16 |     6 ||    22
Dodge: Dodged            |    32 |    42 ||    74

Table legend:
 A = Non-vault XP
 B = Vault XP
 C = Vault XP percentage of total XP
 D = Non-vault monster count
 E = Vault monster count
 F = Vault count percentage of total count
                 A         B        C        D         E       F
            +---------+---------+-------+---------+---------+-------
      Total |     347 |      14 |   3.9 |      74 |       1 |   1.3
            +---------+---------+-------+---------+---------+-------
        D:1 |      34 |       0 |   0.0 |      19 |       0 |   0.0
        D:2 |      51 |       0 |   0.0 |      21 |       0 |   0.0
        D:3 |      67 |      14 |  17.3 |      19 |       1 |   5.0
        D:4 |     195 |       0 |   0.0 |      15 |       0 |   0.0
            +---------+---------+-------+---------+---------+-------
